 Dungeon Crawl Stone Soup version 0.19.0 (webtiles) character file.

2583 CanadianGator the Slicer (level 9, -1/55 HPs)
             Began as a Kobold Berserker on Nov 23, 2016.
             Was a High Priest of Trog.
             Shot with a sling bullet by Joseph (13 damage)
             ... on level 7 of the Dungeon.
             The game lasted 00:32:59 (7472 turns).

CanadianGator the Slicer (Kobold Berserker)         Turns: 7472, Time: 00:32:59

Health: -1/55      AC:  6    Str: 15    XL:     9   Next: 88%
Magic:  0/9        EV: 28    Int:  8    God:    Trog [*****.]
Gold:   357        SH:  0    Dex: 22    Spells: 0 memorised, 8 levels left

rFire  . . .     SeeInvis .     p - +3 dagger (vamp)
rCold  . . .     Gourm    .     i - +0 leather armour
rNeg   . . .     Faith    .     (shield restricted)
rPois  .         Spirit   +     f - +2 hat
rElec  .         Reflect  .     (no cloak)
rCorr  .         Harm     .     (no gloves)
MR     +++..                    A - +0 pair of boots
Stlth  +++++.....               D - amulet of guardian spirit
                                e - ring of protection from magic
                                d - +3 ring of evasion

@: agile, lethally poisoned (-1 -> -1), regenerating
A: carnivore 3
a: Berserk, Trog's Hand, Brothers in Arms, Burn Spellbooks, Renounce Religion


You were on level 7 of the Dungeon.
You worshipped Trog.
Trog was extremely pleased with you.
You were hungry.

You visited 1 branch of the dungeon, and saw 7 of its levels.
You also visited: Sewer.

You collected 357 gold pieces.

Inventory:

Hand Weapons
 a - a +0 short sword
 p - a +3 vampiric dagger (weapon)
 u - a +1 dagger
 F - a +0 dagger of holy wrath
 M - a +4 arbalest of velocity
Armour
 f - a +2 hat (worn)
 i - a +0 leather armour (worn)
 A - a +0 pair of boots (worn)
 I - a +0 chain mail
Jewellery
 b - an uncursed ring of flight
 d - a +3 ring of evasion (left hand)
 e - a ring of protection from magic (right hand)
 D - an amulet of guardian spirit (around neck)
Wands
 m - a wand of lightning (6/15)
 y - a wand of disintegration (12/24)
 K - a wand of disintegration (10/24)
Scrolls
 g - 6 scrolls of remove curse
 q - 2 scrolls of magic mapping
 r - 2 scrolls of teleportation
 s - a scroll of blinking
 t - a scroll of fear
 v - 2 scrolls of amnesia {unknown}
 B - 2 scrolls of recharging
 E - a scroll of noise {unknown}
 G - a scroll of enchant weapon
 J - a scroll of identify
 L - a scroll of fog {unknown}
 N - a scroll of immolation {unknown}
Potions
 h - a potion of berserk rage
 j - 2 potions of cancellation
 l - 10 potions of curing
 n - 2 potions of mutation {unknown}
 o - a potion of haste {unknown}
 w - 7 potions of flight
 x - a potion of agility
 z - a potion of lignification {unknown}
Comestibles
 c - 4 meat rations
 k - 2 beef jerkies
 C - a slice of pizza
 H - a royal jelly


   Skills:
 + Level 6.3 Fighting
 * Level 10.3 Short Blades
 * Level 2.8 Crossbows
 + Level 4.5 Armour
 + Level 6.5 Dodging
 + Level 6.7 Stealth


You had 8 spell levels left.
You didn't know any spells.

Dungeon Overview and Level Annotations

Branches:
Dungeon (7/15)
 Temple: D:4-7

Altars:
Ashenzari
Fedhas
Hepliaklqana
Okawaru
Trog
Uskayaw

Annotations:
D:7 Joseph


Innate Abilities, Weirdness & Mutations

You are small and have problems with some larger weapons.
You are carnivorous and can eat meat at any time.


Message History

You feel sick.
w - 7 potions of flight (gained 1)
You feel sick.
There are no items here.
Joseph shoots a sling bullet.
The sling bullet hits you but does no damage.
Joseph shoots a sling bullet.
The sling bullet hits you!
* * * LOW HITPOINT WARNING * * *
The sling bullet freezes you.
* * * LOW HITPOINT WARNING * * *
You see here a sling bullet.
You feel sick.
There is an escape hatch in the ceiling here.
Okay, then.
You feel agile all of a sudden.
Your skin crawls.
You feel resistant to hostile enchantments.
You are feeling hungry.
Joseph shoots a sling bullet.
The sling bullet hits you!
You die...

.. #####.#### ...
......... #.# #..
.... #.# #.###>##
##.## #@##...###.#
...# #(.@......(#
#..# #.##...####
####.##(.#
#.##...#
.......<^#
#.###..#
##...###.# #.#
##.# #.
#.###.####.#####@.
#........(.@......
##.##............#


You could see Joseph.

Vanquished Creatures
  The ghost of Softman25 the Arsonist, a novice DEFE of Vehumet (D:6)
  Grinder (D:6)
  Sigmund (D:2)
  An orc warrior (D:6)
  A necrophage (D:3)
  3 ogres
  A centaur (D:5)
  3 bullfrogs
  A scorpion (D:7)
  2 howler monkeys (D:5)
  2 electric eels (D:6)
  2 crimson imps
  A bullfrog zombie (D:5)
  2 bullfrog skeletons
  3 orc priests (D:4)
  A gnoll shaman (D:4)
  4 orc wizards
  2 iguanas
  5 worker ants
  A hound skeleton (D:4)
  A worker ant zombie (D:6)
  12 adders
  7 gnolls
  7 river rats
  An ooze (Sewer)
  2 adder skeletons
  2 worms (D:3)
  4 dart slugs
  8 leopard geckos
  21 orcs
  2 giant cockroaches
  9 goblins
  11 hobgoblins
  17 jackals
  3 quokkas
  6 ball pythons
  5 bats
  6 frilled lizards
  26 kobolds
  A leopard gecko skeleton (D:5)
  A quokka skeleton (D:4)
  29 rats
219 creatures vanquished.

Notes
Turn   | Place    | Note
-------+----------+-------------------------------------------
     0 | D:1      | CanadianGator the Kobold Berserker began the quest for the Orb.
     0 | D:1      | Reached XP level 1. HP: 14/14 MP: 1/1
    74 | D:1      | Reached XP level 2. HP: 14/19 MP: 2/2
   432 | D:1      | Reached XP level 3. HP: 22/23 MP: 3/3
   668 | D:1      | Reached ** piety under Trog
  1015 | D:2      | Found a bloodstained altar of Trog.
  1155 | D:2      | Reached skill level 1 in Stealth
  1303 | D:2      | Reached XP level 4. HP: 29/29 MP: 4/4
  1333 | D:2      | Reached skill level 5 in Short Blades
  1597 | D:2      | Noticed Sigmund
  1616 | D:2      | Killed Sigmund
  1616 | D:2      | Reached skill level 6 in Short Blades
  1616 | D:2      | Reached XP level 5. HP: 22/34 MP: 5/5
  1616 | D:2      | Reached XP level 6. HP: 25/39 MP: 6/6
  2231 | D:3      | Reached *** piety under Trog
  2452 | D:3      | Noticed a necrophage
  2477 | D:3      | Killed a necrophage
  2477 | D:3      | Reached XP level 7. HP: 43/43 MP: 7/7
  2647 | D:3      | Found a glowing drain.
  2651 | Sewer    | Entered a sewer
  3006 | Sewer    | Reached **** piety under Trog
  3019 | Sewer    | Reached skill level 7 in Short Blades
  3901 | D:4      | Found a hide-covered altar of Uskayaw.
  3929 | D:4      | Reached ***** piety under Trog
  3969 | D:4      | Reached XP level 8. HP: 36/48 MP: 8/8
  4530 | D:4      | Reached skill level 5 in Fighting
  4537 | D:4      | Reached skill level 5 in Dodging
  4619 | D:4      | Reached skill level 8 in Short Blades
  4912 | D:4      | Found a hazy altar of Hepliaklqana.
  5107 | D:5      | Entered Level 5 of the Dungeon
  5189 | D:5      | Reached skill level 5 in Stealth
  5498 | D:5      | Found an iron altar of Okawaru.
  5555 | D:5      | Reached skill level 9 in Short Blades
  5711 | D:5      | Reached XP level 9. HP: 54/54 MP: 9/9
  5725 | D:5      | Found a blossoming altar of Fedhas.
  5725 | D:5      | Found a faded altar of an unknown god.
  5738 | D:5      | Found a faded altar of an unknown god.
  5740 | D:5      | Found a faded altar of an unknown god.
  5742 | D:5      | Found a faded altar of an unknown god.
  6277 | D:6      | Found a shattered altar of Ashenzari.
  6504 | D:6      | Received a gift from Trog
  6510 | D:6      | Noticed Grinder
  6516 | D:6      | Paralysed by Grinder for 4 turns
  6586 | D:6      | Killed Grinder
  6586 | D:6      | Reached skill level 1 in Crossbows
  6790 | D:6      | Reached skill level 10 in Short Blades
  6854 | D:6      | Noticed Softman25's ghost (novice DEFE)
  6877 | D:6      | Killed Softman25's ghost
  7452 | D:7      | Noticed Joseph
  7472 | D:7      | Shot with a sling bullet by Joseph

Skill      XL: |  1  2  3  4  5  6  7  8  9 |
---------------+----------------------------+-----
Dodging        | 3 4 5 6 |  6.5
Stealth        | 1 2 3 5 6 |  6.7
Short Blades   | 6 7 9 10 | 10.3
Fighting       | 4 5 6 |  6.3
Armour         | 2 3 4 |  4.5
Crossbows      | 2 |  2.8

Action                   |  1- 3 |  4- 6 |  7- 9 || total
-------------------------+-------+-------+-------++-------
Melee: Short sword       |    98 |    87 |       ||   185
       Dagger            |       |    84 |   801 ||   885
Invok: Berserk           |     4 |     3 |    13 ||    20
       Trog's Hand       |       |       |     1 ||     1
  Use: Scroll            |       |     9 |     7 ||    16
       Potion            |       |       |     5 ||     5
 Stab: Sleeping          |     3 |     1 |    13 ||    17
       Distracted        |       |       |     1 ||     1
  Eat: Chunk             |    13 |     6 |    35 ||    54
Armor: Animal skin       |     6 |       |       ||     6
       Leather armour    |     2 |    15 |    52 ||    69
Dodge: Dodged            |    68 |   114 |   466 ||   648
